 Dungeon Crawl Stone Soup version 0.30-a0-1085-g990a428a5c (webtiles) character file.

Game seed: 5562338116965974635

1508 promet the Magician (level 8, -1/46 HPs)
             Began as a Deep Elf Hedge Wizard on Apr 16, 2023.
             Slain by a killer bee (5 damage)
             ... on level 7 of the Dungeon.
             The game lasted 00:53:08 (10781 turns).

promet the Magician (Deep Elf Hedge Wizard)        Turns: 10781, Time: 00:53:09

Health: -1/46      AC:  5    Str:  7    XL:     8   Next: 53%
Magic:  20/30      EV: 12    Int: 22    God:
Gold:   362        SH:  0    Dex: 14    Spells: 12/21 levels left

rFire   . . .      SeeInvis .    a - +3 glaive (protect)
rCold   . . .      Faith    .    (shield currently unavailable)
rNeg    . . .      Spirit   .    u - +0 leather armour
rPois   .          Reflect  .    c - +0 hat
rElec   .          Rampage  .    A - +0 cloak
rCorr   .                        (no gloves)
Will    .....                    x - +0 pair of boots
Stlth   ++                       (no amulet)
HPRegen 0.27/turn                r - ring of magical power
MPRegen 0.22/turn                (no ring)

@: lethally poisoned (-1 -> -8)
A: no striking features
a: no special abilities


You were on level 7 of the Dungeon.
You visited 1 branch of the dungeon, and saw 7 of its levels.

You collected 362 gold pieces.

Inventory:

Hand Weapons
 a - a +3 glaive of protection (weapon)
 b - a +3 shortbow
 g - a +0 dagger
 n - a +0 spear of venom
 t - a +2 battleaxe of venom
 w - a +4 dagger
 z - a +1 short sword of venom
Missiles
 f - 57 stones
 i - 8 boomerangs (quivered)
 s - 11 poisoned darts
 y - 5 atropa-tipped darts
Armour
 c - a +0 hat (worn)
 p - a +0 robe
 u - a +0 leather armour (worn)
 x - a +0 pair of boots (worn)
 A - a +0 cloak (worn)
Magical Staves
 C - a staff of conjuration
Jewellery
 r - a ring of magical power (left hand)
Wands
 l - a wand of charming (6)
 E - a wand of quicksilver (14)
Scrolls
 k - 6 scrolls of fog
 v - 2 scrolls of poison
 D - a scroll of identify
Potions
 d - a potion of magic
 h - 2 potions of haste {unknown}
 j - a potion of curing
 m - 2 potions of mutation
 o - a potion of might {unknown}
 q - 3 potions of berserk rage


   Skills:
 * Level 3.2 Fighting
 + Level 3.4 Polearms
 * Level 2.3 Ranged Weapons
 + Level 0.2 Throwing
 + Level 1.9 Armour
 + Level 3.3 Dodging
 + Level 3.2 Stealth
 + Level 7.3 Spellcasting
 + Level 4.2 Conjurations
 + Level 4.5 Summonings
 + Level 1.6 Translocations


You had 12 spell levels left.
You knew the following spells:

 Your Spells              Type           Power      Damage    Failure   Level
a - Magic Dart            Conj           100%       1d8       1%          1
b - Blink                 Tloc           30%        N/A       9%          2
c - Call Imp              Summ           54%        N/A       2%          2
d - Slow                  Hex            32%        N/A       12%         1
e - Call Canine Familiar  Summ           27%        N/A       5%          3

Your spell library contained the following spells:

 Spells                   Type           Power      Damage    Failure   Level
 Cigotuvi's Dreadful Rot  Necr/Pois/Air  16%        N/A       17%         2
 Mephitic Cloud           Conj/Pois/Air  14%        N/A       19%         3
 Portal Projectile        Hex/Tloc       22%        N/A       26%         3
 Confusing Touch          Hex            8%         N/A       34%         3
 Vampiric Draining        Necr           8%         2d6       34%         3
 Leda's Liquefaction      Hex/Erth       4%         N/A       75%         4
 Petrify                  Tmut/Erth      8%         N/A       75%         4
 Metabolic Englaciation   Hex/Ice        4%         N/A       97%         5
 Statue Form              Tmut/Erth      5%         N/A       100%        6


Dungeon Overview and Level Annotations

Branches:
Dungeon (7/15)             Temple (0/1) D:4

Altars:
Dithmenos
Elyvilon
Qazlal
Trog
Uskayaw
The Shining One


Message History

You are poisoned.
The killer bee poisons you!
The killer bee stings you but does no damage.
You barely miss the killer bee.
You feel very sick. The killer bee barely misses you.
The killer bee barely misses your cerulean imp.
The killer bee stings you.
The killer bee stings your cerulean imp.
The killer bee completely misses you.
Casting: Call Imp (safe; 2% risk of failure)
Confirm with . or Enter, or press ? or * to list all spells.
You blink.
You feel sick.
As you read the scroll of fear, it crumbles to dust.
You assume a fearsome visage.
The killer bee looks frightened! x3
You feel sick.
Found a stone staircase leading up.
You feel sick.
You feel sick.
You feel stable enough to blink again.
You feel sick. The killer bee stings you.
* * * LOW HITPOINT WARNING * * *
You are more poisoned.
The killer bee poisons you!
Found a book of Transfigurations.
You feel very sick. The killer bee stings you!
* * * LOW HITPOINT WARNING * * *
The killer bee stings you but does no damage.
You feel much better.
You feel sick. The killer bee closely misses you. The killer bee stings you.
You feel sick. The killer bee stings you.
* * * LOW HITPOINT WARNING * * *
You are lethally poisoned!
The killer bee poisons you!
* * * LOW HITPOINT WARNING * * *
You feel sick. The killer bee stings you.
* * * LOW HITPOINT WARNING * * *
* * * LOW HITPOINT WARNING * * *
You feel sick. The killer bee stings you.
You die...

#.# #.# #....
#.#.. #.#.#
#y#.#
#.#>##########..
#.#....y@...:..#
#.#..####!###..#
#.#..###...##.
#.#..##.......
#.#....../.##..#
##......y#.##
..# #.....##.###
..# #.###.##y#
..# #y# #.##y#
..#


You could see a killer bee.

Vanquished Creatures
  A black bear (D:4)
  A centaur (D:5)
  A phantom (D:4)
  A bullfrog (D:7)
  2 scorpions (D:5)
  4 wights (D:6)
  A howler monkey (D:5)
  A nameless horror (D:5)
  A jelly (D:5)
  2 hounds
  3 orc priests (D:5)
  An iguana (D:5)
  An orc wizard (D:5)
  4 adders
  A river rat (D:3)
  An ufetubus (D:6)
  3 worms
  A dart slug (D:1)
  8 orcs
  5 endoplasms
  A giant cockroach (D:3)
  2 goblins
  2 hobgoblins (D:3)
  A jackal (D:5)
  7 kobolds
  2 quokkas
  A ball python (D:1)
  2 bats (D:1)
  2 frilled lizards (D:1)
  2 rats
65 creatures vanquished.

Vanquished Creatures (collateral kills)
  A sky beast (D:6)
  A centaur (D:6)
  A scorpion (D:4)
  A wight (D:6)
  A killer bee (D:7)
  A hound (D:4)
  An orc priest (D:5)
  An iguana (D:6)
  5 adders
  An ufetubus (D:6)
  2 worms (D:3)
  2 dart slugs
  5 orcs
  2 ball pythons (D:3)
  A giant cockroach (D:3)
  2 goblins
  3 hobgoblins
  A kobold (D:2)
  A rat (D:3)
33 creatures vanquished.

Vanquished Creatures (others)
  An orc (D:5)
  A quokka (D:5)
2 creatures vanquished.

Grand Total: 100 creatures vanquished

Notes
Turn   | Place    | Note
-------+----------+-------------------------------------------
     0 | D:1      | promet the Deep Elf Hedge Wizard began the quest for the
                  | Orb.
     0 | D:1      | Reached XP level 1. HP: 10/10 MP: 7/7
   704 | D:1      | Reached XP level 2. HP: 15/15 MP: 4/9
   713 | D:1      | Learned a level 2 spell: Blink
   716 | D:1      | Learned a level 2 spell: Call Imp
   718 | D:1      | Learned a level 1 spell: Slow
  1361 | D:2      | Reached skill level 1 in Polearms
  1633 | D:2      | Reached XP level 3. HP: 20/20 MP: 8/11
  1915 | D:2      | Reached skill level 1 in Fighting
  2602 | D:3      | Reached XP level 4. HP: 25/25 MP: 10/12
  2821 | D:3      | Reached skill level 5 in Spellcasting
  3036 | D:3      | You fall into a shaft and drop 1 floor!
  3861 | D:3      | Found a glowing golden altar of the Shining One.
  4180 | D:4      | Noticed a black bear
  4191 | D:4      | Reached XP level 5. HP: 20/29 MP: 15/15
  4548 | D:4      | Noticed a phantom
  4562 | D:4      | Killed a phantom
  4563 | D:4      | Reached XP level 6. HP: 34/34 MP: 16/16
  4759 | D:4      | Reached skill level 6 in Spellcasting
  4830 | D:4      | Found a staircase to the Ecumenical Temple.
  5139 | D:4      | Found a shadowy altar of Dithmenos.
  5264 | D:5      | Entered Level 5 of the Dungeon
  5303 | D:5      | Reached skill level 1 in Armour
  5653 | D:5      | Reached XP level 7. HP: 27/40 MP: 18/18
  7046 | D:5      | Found a white marble altar of Elyvilon.
  7114 | D:5      | Learned a level 3 spell: Call Canine Familiar
  8183 | D:6      | Found a stormy altar of Qazlal.
  8270 | D:6      | Reached XP level 8. HP: 30/45 MP: 18/20
  8462 | D:6      | Found a hide-covered altar of Uskayaw.
  8688 | D:6      | Found a bloodstained altar of Trog.
  9470 | D:6      | Reached skill level 7 in Spellcasting
 10777 | D:7      | HP: 2/46 [killer bee (8)]
 10781 | D:7      | Slain by a killer bee

Illustrated notes

Levels and vault maps discovered:
D:1:      giann_forest_graveyard, layout_basic, chequers_serial_rivers_small_b,
          minmay_domino_4
D:2:      layout_basic
D:3:      layout_basic, tso_altar, lightli_sewer_entry_pipes
D:4:      layout_cave_pools, grunt_dithmenos_smoke_and_mirrors,
          minmay_temple_entry_waves, hangedman_decor_push, st_stairs_1
D:5:      layout_rooms, elyvilon_altar_4, kennysheep_dice
D:6:      layout_gridville, old_standard_altar, grunt_qazlal_sundering,
          trog_book
D:7:      layout_loops_ring, gammafunk_temple_overflow_statue,
          uniq_crazy_yiuf_cottage, uniq_menkaure

Skill      XL: |  1  2  3  4  5  6  7  8 |
---------------+-------------------------+-----
Polearms       | 1 2 3 |  3.4
Fighting       | 1 2 3 |  3.2
Summonings     | 2 3 4 |  4.5
Spellcasting   | 5 6 7 |  7.3
Conjurations   | 2 3 4 |  4.2
Armour         | 1 |  1.9
Dodging        | 3 |  3.3
Stealth        | 3 |  3.2
Ranged Weapons | 2 |  2.3
Throwing       | |  0.2
Translocations | |  1.6

Action                     |  1- 3 |  4- 6 |  7- 9 || total
---------------------------+-------+-------+-------++-------
  Melee: Glaive            |    44 |    62 |    73 ||   179
   Fire: Shortbow          |       |       |     7 ||     7
  Throw: Dart              |       |     3 |       ||     3
         Boomerang         |       |       |     1 ||     1
   Cast: Magic Dart        |    35 |    49 |    24 ||   108
         Call Imp          |    10 |    24 |    23 ||    57
         Blink             |       |     5 |     7 ||    12
         Call Canine Famil |       |       |    18 ||    18
  Evoke: Wand              |       |     1 |       ||     1
    Use: Scroll            |     6 |     5 |     7 ||    18
         Potion            |       |       |     2 ||     2
   Stab: Sleeping          |     1 |       |     3 ||     4
         Distracted        |       |       |     1 ||     1
 Armour: Robe              |    22 |     1 |       ||    23
         Leather armour    |       |    25 |    37 ||    62
  Dodge: Dodged            |    36 |    49 |    90 ||   175

Table legend: (Time is in decaauts)
 A = Elapsed time spent in this place.
 B = Non-inter-level travel time spent in this place.
 C = Inter-level travel time spent in this place.
 D = Time resting spent in this place.
 E = Time spent auto-exploring this place.
 F = Levels seen in this place.
 G = Mean time per level.
                   A        B        C        D        E       F      G
               +--------+--------+--------+--------+--------+-----+--------+
         Total |  10923 |  10479 |    444 |   4762 |   1357 |   7 | 1560.4 |
       Dungeon |  10923 |  10479 |    444 |   4762 |   1357 |   7 | 1560.4 |
               +--------+--------+--------+--------+--------+-----+--------+

Top non-repeatable levels by time:
     D:5: 2514 daAuts
     D:6: 2144 daAuts
     D:3: 1817 daAuts
     D:4: 1711 daAuts
     D:1: 1363 daAuts
     D:2: 1246 daAuts
     D:7: 125 daAuts
